 Dungeon Crawl Stone Soup version 0.25-a0-632-g7713895373 (webtiles) character file.

Game seed: 2263669017715637286, levelgen mode: deterministic

14025 kae the Martial Artist (level 11, -3/97 HPs)
             Began as a Grey Draconian Transmuter on Mar 19, 2020.
             Was an Elder of Wu Jian.
             Slain by a white ugly thing (14 damage)
             ... on level 11 of the Dungeon.
             The game lasted 00:16:14 (16838 turns).

kae the Martial Artist (Grey Draconian Transmuter) Turns: 16838, Time: 00:16:15

Health: -3/97      AC: 12    Str: 12    XL:     11   Next: 83%
Magic:  19/23      EV: 12    Int: 16    God:    Wu Jian [****..]
Gold:   547        SH:  0    Dex: 13    Spells: 10/26 levels left

rFire    + . .     SeeInvis .     - Unarmed
rCold    . . .     Gourm    +   (shield currently unavailable)
rNeg     . . .     Faith    .   (armour unavailable)
rPois    .         Spirit   .   (helmet restricted)
rElec    .         Reflect  .   v - scarf {cloud immunity}
rCorr    .         Harm     .   (gloves currently unavailable)
MR       .....                  (no boots)
Stlth    +.........             j - amulet of the gourmand
HPRegen  0.26/turn              p - ring of protection from fire
MPRegen  0.18/turn              (no ring)

@: blade hands, slowed, very slow
A: walk through water, unfitting armour, unbreathing, cold-blooded, AC +12
a: End Transformation, Wall Jump, Serpent's Lash, Renounce Religion


You were on level 11 of the Dungeon.
You worshipped Wu Jian.
Wu Jian was greatly pleased with you.
You were not hungry.
You had blades for hands.
You visited 2 branches of the dungeon, and saw 12 of its levels.
You visited 1 bazaar.
You also visited: Sewer.

You collected 583 gold pieces.
You spent 36 gold pieces at shops.

Inventory:

Missiles
 a - 351 arrows
Armour
 v - a scarf of cloud immunity (worn)
Jewellery
 j - an amulet of the gourmand (around neck)
 p - a ring of protection from fire (left scythe-like blade)
 q - a cursed amulet of inaccuracy
 C - the ring of Suspicion {Wiz Int+4 Dex+3}
   (You took it off a boggart on level 11 of the Dungeon)

   [ring of wizardry]

   It improves your spell success rate.
   It affects your intelligence (+4).
   It affects your dexterity (+3).
Wands
 k - a wand of iceblast (13)
 n - a wand of enslavement (3)
 s - a wand of scattershot (9)
 x - a wand of acid (4)
 y - a wand of random effects (13)
 z - a wand of disintegration (6)
Scrolls
 h - a scroll of magic mapping
 i - 6 scrolls of remove curse
 l - a scroll of blinking
 m - a scroll of teleportation
 o - 2 scrolls of amnesia
 A - a scroll of fear
Potions
 b - a potion of mutation
 d - 3 potions of cancellation
 e - 4 potions of flight
 f - 3 potions of curing
 g - a potion of magic
 r - 2 potions of haste
 t - 3 potions of lignification
 u - a potion of heal wounds
 w - 2 potions of might
 B - a potion of brilliance
Comestibles
 c - 28 rations


   Skills:
 + Level 9.5 Fighting
 - Level 1.7 Dodging
 * Level 12.3 Unarmed Combat
 + Level 8.2 Spellcasting
 + Level 8.9 Transmutations


You had 10 spell levels left.
You knew the following spells:

 Your Spells              Type           Power        Failure   Level  Hunger
a - Beastly Appendage     Tmut           #####.       10%         1    None
b - Sticks to Snakes      Tmut           #####...     11%         2    None
c - Spider Form           Tmut/Pois      ###.......   34%         3    #......
d - Blade Hands           Tmut           #####.....   41%         5    #####..
e - Ice Form              Ice/Tmut       ###.....     58%         4    ###....
f - Sting                 Tmut/Pois      ###.         21%         1    None

Your spell library contained the following spells:

 Spells                   Type           Power        Failure   Level  Hunger
 Ignite Poison            Fire/Tmut/Pois ###.....     45%         3    #......
 Poisonous Vapours        Pois/Air       #.....       58%         2    None
 Mephitic Cloud           Conj/Pois/Air  #.......     75%         3    #......
 Olgreb's Toxic Radiance  Pois           #.......     96%         4    ###....


Dungeon Overview and Level Annotations

Branches:
Dungeon (11/15)            Temple (1/1) D:6            Lair (0/6) D:8
  Sewer (visited)
    Orc: D:9-12

Altars:
Ashenzari
Cheibriados
Dithmenos
Elyvilon
Fedhas
Gozag
Hepliaklqana
Kikubaaqudgha
Makhleb
Nemelex Xobeh
Okawaru
Qazlal
Ru
Sif Muna
Trog
Uskayaw
Vehumet
Wu Jian
Xom
Yredelemnul
Zin
The Shining One

Shops:
D:5 %

Annotations:
D:4 1 runed translucent door, MisterT's ghost, amateur HOFi
D:6 1 runed translucent door, olaf's ghost, novice GnCj
D:9 1 runed translucent door
D:11 2 runed translucent doors


Innate Abilities, Weirdness & Mutations

You can walk through water.
Your dull iron-grey scales are very hard. (AC +12)
You cannot fit into any form of body armour.
You can survive without breathing.
You are cold-blooded and may be slowed by cold attacks.


Message History

A white ugly thing is nearby!
A white ugly thing is nearby!
Casting: Blade Hands (safe; 8% risk of failure)
Confirm with . or Enter, or press ? or * to list all spells.
Your hands turn into razor-sharp scythe blades.
The white ugly thing gurgles horribly!
You lunge at the white ugly thing.
You hit the white ugly thing. You tail-slap the white ugly thing.
The white ugly thing is lightly wounded.
The white ugly thing kicks you! The white ugly thing freezes you!!
You slice the white ugly thing!!
The white ugly thing is moderately wounded.
The white ugly thing kicks you. The white ugly thing freezes you!!
* * * LOW HITPOINT WARNING * * *
You barely miss the white ugly thing.
The white ugly thing is moderately wounded.
The white ugly thing kicks you!
* * * LOW HITPOINT WARNING * * *
The white ugly thing freezes you!
You feel yourself slow down.
You die...

,,,**#.,.........(#)##...###*#...
**,**#,*##.#.#.#.###.[.###*,,#...
**,,,,,,,#**,#.#.##..###****,#...
,,,,*,,,,..###.#.#.###*,,**,,#...
,,,,,,*,,,...###..##*,,***,,,#...
,>,,*****,*#...###...F.#,,,*,#...
,,,******.*#.....####..TD***,#†..
,,,,,,,,,....#......###O.*,,,#...
********,,**#..u@.....###*,,,#...
***,,,,,**#..####......###,,#)..
*,,,****...,** ######...####..#
*,,,,,,,.**** ###.......#
*,,,,***** #...(...# *,,,**
######### *,,,* *****


You could see a white ugly thing.

Vanquished Creatures
  3 two-headed ogres
  An unseen horror (D:10)
  Pikel (D:9)
  2 ugly things (D:11)
  Psyche (D:9)
  2 centaur skeletons (D:11)
  2 trolls
  A hornet (D:11)
  A polar bear (D:10)
  A queen bee (D:8)
  A hippogriff (D:7)
  A shadow (D:11)
  A wyvern (D:10)
  4 yaks
  Menkaure (D:5)
  A steam dragon (D:11)
  A soldier ant (D:11)
  An acid dragon (D:11)
  An orc warrior (D:4)
  3 phantoms
  9 ice beasts
  4 slaves (D:9)
  3 sky beasts
  A hornet zombie (D:9)
  A boggart (D:11)
  10 ogres
  A crocodile (D:10)
  10 centaurs
  3 big kobolds
  9 bullfrogs
  A wyvern zombie (D:10)
  3 scorpions
  16 killer bees
  4 howler monkeys (D:10)
  9 crimson imps
  A centaur zombie (D:10)
  7 orc priests
  4 hounds
  2 jellies (D:10)
  2 bullfrog skeletons
  11 orc wizards
  Ijyb (D:5)
  4 iguanas
  6 worker ants
  A howler monkey zombie (D:11)
  Robin (D:3)
  2 river rats (Sewer)
  13 adders
  3 gnolls (D:5)
  3 shadow imps
  5 white imps (D:10)
  2 ufetubi (D:10)
  2 oozes (D:2)
  An adder skeleton (D:5)
  2 dart slugs
  5 leopard geckos
  26 orcs
  6 bats
  10 giant cockroaches
  15 goblins
  13 hobgoblins
  10 jackals
  19 kobolds
  7 quokkas
  2 ball pythons (D:4)
  6 frilled lizards
  2 jackal skeletons
  A quokka simulacrum (D:10)
  3 quokka skeletons
  9 rats
321 creatures vanquished.

Vanquished Creatures (collateral kills)
  A crimson imp (D:9)
  A jackal (D:9)
2 creatures vanquished.

Vanquished Creatures (others)
  An air elemental (D:11)
  A water elemental (D:11)
  2 yaks
  A fungus (D:8)
  A plant (D:8)
6 creatures vanquished.

Grand Total: 329 creatures vanquished

Notes
Turn   | Place    | Note
-------+----------+-------------------------------------------
     0 | D:1      | kae the Draconian Transmuter began the quest for the Orb.
     0 | D:1      | Reached XP level 1. HP: 16/16 MP: 3/3
   464 | D:1      | Reached XP level 2. HP: 21/23 MP: 5/5
  1109 | D:2      | Reached XP level 3. HP: 29/29 MP: 4/6
  1205 | D:2      | Learned a level 2 spell: Sticks to Snakes
  1209 | D:2      | Learned a level 3 spell: Spider Form
  1224 | D:2      | Found a sparkling altar of Nemelex Xobeh.
  1808 | D:2      | Reached XP level 4. HP: 21/36 MP: 7/7
  2310 | D:3      | Reached skill level 4 in Unarmed Combat
  2455 | D:3      | Noticed Robin
  2491 | D:3      | Killed Robin
  2562 | D:3      | Found a glowing silver altar of Zin.
  2623 | D:3      | Reached XP level 5. HP: 9/42 MP: 0/9
  2737 | D:3      | Found a glowing drain.
  2768 | Sewer    | Entered a sewer
  3122 | Sewer    | Found a white marble altar of Elyvilon.
  3428 | D:4      | Noticed an orc warrior
  3440 | D:4      | Reached XP level 6. HP: 29/50 MP: 6/10
  3450 | D:4      | Killed an orc warrior
  3450 | D:4      | Reached skill level 5 in Unarmed Combat
  3732 | D:4      | Noticed MisterT's ghost (amateur HOFi)
  3743 | D:4      | Found a runed translucent door.
  4203 | D:4      | Your scales start taking on a dull iron-grey colour.
  4203 | D:4      | Reached XP level 7. HP: 53/57 MP: 8/12
  4203 | D:4      | Gained mutation: You can survive without breathing. [Grey
                  | Draconian growth]
  4553 | D:5      | Entered Level 5 of the Dungeon
  4564 | D:5      | Reached skill level 6 in Unarmed Combat
  4751 | D:5      | Noticed Menkaure
  4752 | D:5      | Noticed Ijyb
  5033 | D:5      | Found a shadowy altar of Dithmenos.
  5047 | D:5      | Killed Ijyb
  5088 | D:5      | Killed Menkaure
  5258 | D:5      | Reached XP level 8. HP: 67/67 MP: 11/14
  5319 | D:5      | Found a radiant altar of Vehumet.
  5411 | D:5      | Found Noith's Food Emporium.
  5929 | D:6      | Reached skill level 7 in Unarmed Combat
  5985 | D:6      | Learned a level 5 spell: Blade Hands
  6146 | D:6      | Reached skill level 5 in Fighting
  6272 | D:6      | Reached skill level 5 in Transmutations
  6593 | D:6      | Reached skill level 5 in Spellcasting
  6848 | D:6      | Found a runed translucent door.
  6849 | D:6      | Noticed olaf's ghost (novice GnCj)
  6894 | D:6      | Found a staircase to the Ecumenical Temple.
  7094 | Temple   | Entered the Ecumenical Temple
  7221 | Temple   | Became a worshipper of the Wu Jian Council
  7381 | D:7      | Reached skill level 8 in Unarmed Combat
  7463 | D:7      | Reached XP level 9. HP: 75/75 MP: 14/16
  8832 | D:8      | Reached * piety under Wu Jian
  8832 | D:8      | Reached skill level 9 in Unarmed Combat
  9779 | D:8      | HP: 3/78 [poisoned by a killer bee]
  9786 | D:8      | HP: 2/78 [poisoned by a killer bee]
  9793 | D:8      | HP: 2/78 [poisoned by a killer bee]
  9801 | D:8      | HP: 2/78 [poisoned by a killer bee]
 10159 | D:8      | Found a staircase to the Lair.
 10419 | D:8      | Noticed a two-headed ogre
 10661 | D:8      | Killed a two-headed ogre
 10661 | D:8      | Reached XP level 10. HP: 86/86 MP: 17/19
 11048 | D:8      | Reached ** piety under Wu Jian
 11048 | D:8      | Reached skill level 10 in Unarmed Combat
 11175 | D:9      | Found a white marble altar of Elyvilon.
 11277 | D:9      | Found a shimmering blue altar of Sif Muna.
 11355 | D:9      | Noticed Psyche
 11365 | D:9      | Killed Psyche
 11816 | D:9      | Found a runed translucent door.
 11816 | D:9      | Noticed an ettin
 11816 | D:9      | Noticed a yaktaur captain
 11818 | D:9      | Noticed a yaktaur captain
 11818 | D:9      | Noticed an ogre mage
 11818 | D:9      | Noticed a glowing orange brain
 12009 | D:9      | Noticed Pikel
 12155 | D:9      | Killed Pikel
 12946 | D:10     | Entered Level 10 of the Dungeon
 13270 | D:10     | Noticed a two-headed ogre
 13279 | D:10     | Killed a two-headed ogre
 13279 | D:10     | Reached skill level 11 in Unarmed Combat
 13326 | D:10     | Found a sacrificial altar of Ru.
 13334 | D:10     | Reached XP level 11. HP: 49/95 MP: 15/21
 13354 | D:10     | HP: 3/95 [something (6)]
 13818 | D:10     | Reached *** piety under Wu Jian
 13844 | D:10     | Killed an unseen horror
 15054 | D:11     | Found a flickering gateway to a bazaar.
 15056 | D:11     | Noticed a two-headed ogre
 15065 | D:11     | Killed a two-headed ogre
 15076 | Bazaar   | Entered a bazaar
 15245 | Bazaar   | Found Siudwuap's Book Shoppe.
 15275 | Bazaar   | Found Soman's Jewellery Shoppe.
 15311 | Bazaar   | Found Juveture's Jewellery Boutique.
 15341 | Bazaar   | Found Dyt Irer's Jewellery Shoppe.
 15700 | Bazaar   | Bought a cursed amulet of inaccuracy for 36 gold pieces
 15899 | D:11     | Found a large runed translucent door.
 15901 | D:11     | Found a large runed translucent door.
 15990 | D:11     | Reached skill level 12 in Unarmed Combat
 16345 | D:11     | Noticed a four-headed hydra
 16346 | D:11     | Found the +8 lance "Wyrmbane" {slay drac, rPois rF+ rC+
                  | AC+3}
 16367 | D:11     | Identified the ring of Suspicion {Wiz Int+4 Dex+3}
 16381 | D:11     | Reached **** piety under Wu Jian
 16421 | D:11     | Learned a level 4 spell: Ice Form
 16423 | D:11     | Learned a level 1 spell: Sting
 16429 | D:11     | Noticed a cyan ugly thing
 16436 | D:11     | Noticed a purple ugly thing
 16438 | D:11     | Killed a cyan ugly thing
 16446 | D:11     | Killed a purple ugly thing
 16831 | D:11     | Noticed a white ugly thing
 16838 | D:11     | Slain by a white ugly thing

Levels and vault maps discovered:
D:1:      heliophobic_arrival_dark_side_of_the_moon, layout_loops_corners
D:2:      layout_loops_ring, lemuel_crystal_altar, first_ration
D:3:      layout_rooms, zin_treasury, serial_curves, eino_curves_03,
          eino_curves_01, gup_sewer_entry_bubbles, uniq_robin
D:4:      layout_basic, hellmonk_ghost_happy_afterlife
D:5:      layout_rooms, nicolae_dithmenos_shadow_blocks,
          nicolae_overflow_crystal_walls, serial_shops, kennysheep_mini_moat,
          minmay_puff, uniq_menkaure, uniq_ijyb
D:6:      layout_basic, minmay_temple_entry_poolview,
          ebering_ghost_reflecting_pool
D:7:      layout_cave_pods
D:8:      layout_cave_pods, dpeg_oklobed_lair, david_nohive_1
D:9:      minmay_gate_of_8, layout_long_grid, elyvilon_altar_1, kennysheep_mini,
          lemuel_old_faithful, uniq_pikel, uniq_psyche
D:10:     cheibrodos_barr_body, layout_stronghold, basic_altar, serial_ice,
          serial_ice_c, serial_ice_o, serial_ice_a, serial_ice_g, serial_ice_l,
          serial_ice_b, serial_ice_n
D:11:     minmay_the_grid_triangle_9x9_rhombus_thin
          [minmay_the_grid_triangle_9x9_swiss_cheese,
          minmay_the_grid_triangle_9x9_prize_schism,
          minmay_the_grid_triangle_9x9_longest,
          minmay_the_grid_triangle_9x9_skeleton], layout_rooms, serial_shops,
          bzr_entry_water, lightli_elemental_guards
Temple:   eino_temple_rhombus

Skill      XL: |  1  2  3  4  5  6  7  8  9 10 11 |
---------------+----------------------------------+-----
Fighting       | 2 3 4 5 7 8 9 |  9.5
Unarmed Combat | 4 5 6 8 9 11 12 | 12.3
Transmutations | 3 4 5 6 7 8 |  8.9
Spellcasting   | 3 4 5 6 7 8 |  8.2
Dodging        | |  1.7

Action                   |  1- 3 |  4- 6 |  7- 9 | 10-12 || total
-------------------------+-------+-------+-------+-------++-------
Melee: Unarmed           |   166 |   235 |   371 |   413 ||  1185
       Tailslap          |    10 |    11 |    17 |    33 ||    71
       Headbutt          |     6 |     3 |     4 |     8 ||    21
       Kick              |     7 |     1 |     8 |     4 ||    20
       Punch             |     2 |       |     8 |    13 ||    23
 Cast: Beastly Appendage |    13 |     7 |    14 |     7 ||    41
       Spider Form       |       |    18 |    34 |    11 ||    63
       Sticks to Snakes  |       |       |     2 |     5 ||     7
       Blade Hands       |       |       |       |    21 ||    21
Invok: Lunge             |       |       |     9 |    32 ||    41
       Whirlwind         |       |       |       |     5 ||     5
 Abil: End Transformatio |       |       |       |     3 ||     3
Evoke: Wand              |       |       |     4 |     2 ||     6
  Use: Scroll            |     5 |     3 |     7 |    11 ||    26
       Potion            |       |     3 |     9 |     1 ||    13
 Stab: Sleeping          |     2 |       |       |     1 ||     3
  Eat: Chunk             |     3 |     9 |    23 |    27 ||    62
       Ration            |       |       |     1 |       ||     1
Armor: Skin              |    56 |    46 |    94 |   111 ||   307
Dodge: Dodged            |   115 |   149 |   265 |   193 ||   722

Table legend:
 A = Non-vault XP
 B = Vault XP
 C = Vault XP percentage of total XP
 D = Non-vault monster count
 E = Vault monster count
 F = Vault count percentage of total count
                 A         B        C        D         E       F
            +---------+---------+-------+---------+---------+-------
      Total |   12920 |    7116 |  35.5 |     234 |      86 |  26.9
            +---------+---------+-------+---------+---------+-------
        D:1 |      35 |       0 |   0.0 |      20 |       0 |   0.0
        D:2 |      84 |       0 |   0.0 |      27 |       0 |   0.0
        D:3 |      58 |      51 |  46.8 |      11 |      19 |  63.3
        D:4 |     495 |       0 |   0.0 |      21 |       0 |   0.0
        D:5 |     482 |     309 |  39.1 |      22 |       3 |  12.0
        D:6 |     761 |       0 |   0.0 |      21 |       0 |   0.0
        D:7 |    1364 |       0 |   0.0 |      20 |       0 |   0.0
        D:8 |    1570 |    1214 |  43.6 |      28 |      16 |  36.4
        D:9 |    1641 |    1114 |  40.4 |      19 |       2 |   9.5
       D:10 |    3239 |    2119 |  39.5 |      30 |      28 |  48.3
       D:11 |    3191 |    2172 |  40.5 |      15 |      10 |  40.0
      Sewer |       0 |     137 | 100.0 |       0 |       8 | 100.0
            +---------+---------+-------+---------+---------+-------
